AoeStats
← Santissima Trinidad

African Clearing

506186593Analyzed
2v2 RM · 19d ago on Sep 12, 2026· 40m 48s· 4 players
Game mode
Random Map
Map size
Medium (4 player)
Population
200
Speed
Normal
Resources
Standard
Victory
Conquest
Starting age
Dark Age
Ending age
Imperial Age
RankedLock teamsTeams togetherTeam positionsShared explorationLock speedFull tech treeHidden civsTurbo modeCheats
Victory
Defeat
🇩🇪 Vietnamese · Germany
1193
+15
🇩🇪 Mongols · Germany
1151
+17
🇫🇷 Inca · France
1198
-17
🇨🇴 Malay · Colombia
1144
-15
Santissima Trinidad
3:45 Loom
13:10 Feudal Age
17:54 Castle Age
16:29 Double-Bit Axe
22:34 Fletching
24:09 Padded Archer Armor
24:53 Bodkin Arrow
28:15 Ballistics
30:10 Leather Archer Armor
31:53 Thumb Ring
33:52 Horse Collar
35:16 Husbandry
37:36 Bloodlines
37:32 Scale Barding Armor
38:47 Town Watch
40:05 Bow Saw
41:02 Forging
TisButAScratch
4:05 Loom
12:29 Feudal Age
14:26 Double-Bit Axe
16:10 Fletching
20:06 Padded Archer Armor
23:13 Castle Age
21:49 Gold Mining
23:56 Crossbowman
24:43 Thumb Ring
25:39 Bodkin Arrow
28:33 Ballistics
33:03 Wheelbarrow
33:34 Bow Saw
34:53 Hand Cart
34:23 Horse Collar
40:13 Imperial Age
38:08 Heavy Plow
39:02 Bloodlines
38:53 Husbandry
39:02 Scale Barding Armor
39:08 Forging
40:24 Chain Barding Armor
40:37 Elite Battle Elephant
Baruchiev
3:37 Loom
13:37 Feudal Age
14:13 Double-Bit Axe
16:13 Fletching
16:15 Horse Collar
18:50 Town Watch
24:58 Castle Age
24:25 Padded Archer Armor
25:03 Crossbowman
CLB_JuanR
4:11 Loom
14:59 Feudal Age
14:37 Double-Bit Axe
16:33 Horse Collar
17:21 Fletching
18:49 Padded Archer Armor
27:55 Castle Age
26:24 Stone Mining
27:23 Elite Skirmisher
32:49 Ballistics
40:47 Heavy Plow
Connection lost

Rejoining the realm…

Still unreachable

The connection could not be restored.

Session expired

The server has moved on; the page needs a fresh start.